 Dungeon Crawl Stone Soup version 0.32-a0-607-g64ea0e4219 (webtiles) character file.

Game seed: 10508907353090014559

7157 ytrimaz the Fighter (level 11, -8/90 HPs)
             Began as a Coglin Gladiator on Mar 4, 2024.
             Was a Priest of Okawaru.
             Mangled by a white ugly thing (28 damage)
             ... on level 11 of the Dungeon.
             The game lasted 00:09:19 (10558 turns).

ytrimaz the Fighter (Coglin Gladiator)             Turns: 10558, Time: 00:09:20

Health: -8/90      AC: 14    Str: 19    XL:     11   Next: 10%
Magic:  12/12      EV: 12    Int: 11    God:    Okawaru [***...]
Gold:   875        SH:  0    Dex: 15    Spells: 10/10 levels left

rFire   . . .        a - +0 war axe (drain) {Annika}
rCold   . . .        q - +0 flail (holy) {Marรญa}
rNeg    . . .        J - +3 ring mail of the Unbroken {Regen+ Int+3}
rPois   .            c - +0 helmet
rElec   .            p - +0 cloak of the Four of Wands {Will+ SInv}
rCorr   .            (no gloves)
SInv    +            k - +0 pair of boots
Will    +....        (amulet unavailable)
Stlth   +            (ring unavailable)
HPRegen 1.15/turn    (ring unavailable)
MPRegen 0.13/turn    (no gizmo)

%: no passive effects
@: revving
A: off-hand wielding, slow wielding, warmup strikes, no jewellery
a: Invent Gizmo, Renounce Religion, Heroism


You were on level 11 of the Dungeon.
You worshipped Okawaru.
Okawaru was most pleased with you.
You visited 2 branches of the dungeon, and saw 12 of its levels.

You collected 1634 gold pieces.
You spent 759 gold pieces at shops.


Innate Abilities, Weirdness & Mutations

You can wield a second weapon in your off-hand.
It takes a long time for you to wield or remove held weapons.
Your first few attacks do less damage.
You cannot equip rings or amulets.


   Skills:
 - Level 10.0 Fighting
 - Level 8.0 Axes
 - Level 1.7 Throwing
 - Level 10.0 Armour
 - Level 2.6 Dodging
 + Level 2.0 Invocations
 + Level 3.3 Evocations


You had 10 spell levels left.
You didn't know any spells.
Your spell library contained the following spells:

 Spells                   Type           Power      Damage    Failure   Level
 Inner Flame              Hex/Fire       0%         N/A       86%         3
 Flame Wave               Conj/Fire      0%         2d4       99%         4
 Sticky Flame             Fire/Alch      0%         2d4       99%         4
 Irradiate                Conj/Alch      0%         3d11      100%        5
 Ignition                 Fire           0%         3d3       100%        8

Inventory:

Hand Weapons
 a - a +0 war axe of draining (weapon) {Annika}
 f - a +0 dagger {Wilfried}
 q - a +0 flail of holy wrath (offhand) {Marรญa}
   (You took it off a gnoll on level 4 of the Dungeon)
 v - a +0 war axe
   (You found it on level 5 of the Dungeon)
Missiles
 d - 2 throwing nets (quivered)
 e - a javelin
Armour
 c - a +0 helmet (worn)
 k - a +0 pair of boots (worn)
   (You found it on level 3 of the Dungeon)
 l - a +0 plate armour of cold resistance
   (You bought it in a shop on level 3 of the Dungeon)
 p - the +0 cloak of the Four of Wands (worn) {Will+ SInv}
   (You bought it in a shop on level 3 of the Dungeon)

   Will+:     It increases your willpower.
   SInv:      It lets you see invisible.
 J - the +3 ring mail of the Unbroken (worn) {Regen+ Int+3}
   (You found it on level 8 of the Dungeon)

   Int+3:     It affects your intelligence (+3).
   Regen+:    It increases your rate of health regeneration.
Wands
 g - a wand of flame (14)
   (You found it on level 6 of the Dungeon)
 o - a wand of roots (5)
   (You took it off Maurice on level 10 of the Dungeon)
 F - a wand of polymorph (6)
   (You found it on level 8 of the Dungeon)
 L - a wand of paralysis (3)
   (You found it on level 11 of the Dungeon)
Scrolls
 b - a scroll of poison
 h - a scroll of silence
 i - 2 scrolls of amnesia
 j - a scroll of enchant armour
 m - 2 scrolls of vulnerability
 n - a scroll of revelation
 t - 2 scrolls of blinking
 w - 4 scrolls of teleportation
 y - 2 scrolls of fog
 C - a scroll of brand weapon
Potions
 r - 4 potions of haste
 s - 2 potions of resistance
 u - 2 potions of magic
 x - a potion of cancellation {unknown}
 A - a potion of brilliance {unknown}
 B - a potion of mutation {unknown}
 D - a potion of lignification
 E - 4 potions of attraction
 G - a potion of invisibility
 H - 2 potions of heal wounds
 I - 2 potions of curing
 M - a potion of enlightenment {unknown}

Dungeon Overview and Level Annotations

Branches:
Dungeon (11/15) Zot: 26885  Temple (1/1) D:7 Zot: 5998    Lair (0/5) D:10
    Orc: D:9-12

Altars:
Ashenzari
Cheibriados
Dithmenos
Elyvilon
Fedhas
Gozag
Hepliaklqana
Kikubaaqudgha
Makhleb
Nemelex Xobeh
Okawaru
Qazlal
Ru
Sif Muna
Trog
Uskayaw
Vehumet
Wu Jian
Xom
Yredelemnul
Zin
The Shining One

Shops:
D:3 [?[   D:7 (:(   D:9 (

Annotations:
D:5 1 transporter, 1 runed translucent door, Biggs's ghost, novice DjCj; Crazy Yiuf
D:10 2 transporters, jamsaran's ghost, novice DgAl

..........#
..........#
..........#
..........#
..........# .........#
..........# .........#
..........# ........#
........#####.......#
....................#
....................#
........#####.@.....#
............#..u......
............#.........
........#...#####.....
##..#####...# .....
#.. #...# ..## #.
##### .# # .#


You could see a white ugly thing.


Message History

You are confused.
You're too confused to move!
The orc wizard closely misses you. ๐Ÿ˜• HP[+2]
You regained 2 hp, and now have 83/90 hp.
You're too confused to move!
The orc wizard barely misses you. ๐Ÿ˜• HP[+1]
You barely miss the orc wizard with your +0 war axe of draining.
You sock the orc wizard with your +0 flail of holy wrath!
You kill the orc wizard!
Okawaru accepts your kill. ๐Ÿ˜• HP[+2]
You regained 2 hp, and now have 86/90 hp.
Unknown command.
Things that are here:
a +0 dagger; a +0 robe; ๐Ÿ˜• HP[+1] Unknown command. ๐Ÿ˜• HP[+1]
You feel less confused. ๐Ÿ˜• HP[+1] Unknown command.
There is a stone staircase leading down here.
Key pressed, stopping explore.
There is a stone staircase leading down here.
Things that are here:
a +0 dagger; a +0 robe Key pressed, stopping explore.
You see here a +0 chain mail.
Key pressed, stopping explore.
Found a burning altar of Makhleb. ๐Ÿ˜Ž HP[+1]
Your hp is fully restored (90).
Found a glowing silver altar of Zin.
As you open the door, it creaks loudly!
There is an open door here.
Found a staircase to the Lair.
u - 2 potions of magic (gained 1)
You see here a +0 leather armour.
C - a scroll of brand weapon You see here a +0 leather armour.
H - 2 potions of heal wounds (gained 1) Key pressed, stopping explore.
K - a scroll labelled JYKEOS OCVIXYI Key pressed, stopping explore.
You now have 866 gold pieces (gained 17).
Key pressed, stopping explore.
There is an open door here.
There is a shadowy altar of Dithmenos here.
Items here: ))) [[ รทรทรทรท.
Items here: ))) [[[ รท.
Partly explored, unvisited transporter.
Partly explored, unvisited transporter.
You see here a +0 scale mail.
The wyvern hisses angrily.
Jamsaran's ghost turns its malevolent gaze towards you.
You hear an angry hiss.
The wyvern hisses angrily.
There is a transporter here.
There is a stone staircase leading down here.
You climb downwards.
There is a stone staircase leading up here.
L - a wand of paralysis (3)
Found a stone staircase leading down.
There is a stone staircase leading down here.
M - a fuming grey potion You now have 875 gold pieces (gained 9).
N - a scroll of identify
Okay, then.
As you read the scroll of identify, it crumbles to dust.
z - 2 potions of degeneration
As you read the scroll labelled JYKEOS OCVIXYI, it crumbles to dust.
You assume a fearsome visage.
Nothing appears to happen.
It was a scroll of fear.
Unknown command.
You drop 2 potions of degeneration.
A white ugly thing comes into view.
The white ugly thing gurgles horribly!
A white ugly thing is nearby!
A white ugly thing is nearby!
A white ugly thing is nearby!
You hit the white ugly thing with your +0 flail of holy wrath.
You closely miss the white ugly thing with your +0 war axe of draining.
The white ugly thing trunk-slaps you.
The white ugly thing freezes you!! ๐Ÿ˜ฎ HP[-35]
You take 35 damage, and now have 55/90 hp.
MASSIVE DAMAGE!! (PAUSE)
You hit the white ugly thing but do no damage.
You barely miss the white ugly thing with your +0 flail of holy wrath.
The white ugly thing trunk-slaps you. The white ugly thing freezes you!!
* * * LOW HITPOINT WARNING * * *
๐Ÿ˜จ HP[-30]
You take 30 damage, and now have 25/90 hp.
MASSIVE DAMAGE!! (PAUSE)
You hit the white ugly thing with your +0 flail of holy wrath.
You barely miss the white ugly thing with your +0 war axe of draining.
The white ugly thing trunk-slaps you.
* * * LOW HITPOINT WARNING * * *
The white ugly thing freezes you!!
You die...

Skill      XL: |  1  2  3  4  5  6  7  8  9 10 11 |
---------------+----------------------------------+-----
Fighting       | 3 4 5 6 8 10 | 10.0
Axes           | 4 5 6 8 |  8.0
Armour         | 5 10 | 10.0
Evocations     | 1 3 |  3.3
Invocations    | 2 |  2.0
Throwing       | |  1.7
Dodging        | |  2.6

Action                     |  1- 3 |  4- 6 |  7- 9 | 10-12 || total
---------------------------+-------+-------+-------+-------++-------
  Melee: War axe           |    61 |   114 |   180 |   175 ||   530
         Dagger            |    54 |    98 |     5 |       ||   157
         Flail             |       |       |   176 |   159 ||   335
  Throw: Throwing net      |     3 |       |     1 |       ||     4
 Invoke: Heroism           |       |       |       |     2 ||     2
    Use: Scroll            |     2 |    10 |     2 |     7 ||    21
         Potion            |       |     1 |     3 |     1 ||     5
   Stab: Held in net/web   |     2 |       |       |       ||     2
         Sleeping          |     1 |       |       |       ||     1
 Armour: Leather armour    |    55 |    54 |       |       ||   109
         Plate armour      |       |    54 |   243 |       ||   297
         Ring mail         |       |       |    20 |   164 ||   184
  Dodge: Dodged            |    59 |    51 |    66 |   110 ||   286

Levels and vault maps discovered:
D:1:      roderic_crop_circles_arrival_small, layout_loops_ring,
          roderic_lattice_a, nrook_loot_triangle, minmay_misc_feat_pillars,
          dreamdust_princess_corridor
D:2:      layout_loops_ring, basic_altar, hellmonk_ecumenical_altar_zigzags,
          hangedman_abyss_or_decor_lesser_grid
D:3:      layout_basic, serial_shops, shop, nicolae_shop_waterfront, shop,
          kennysheep_another_room, nrook_mini_backslash, minmay_hedge_maze,
          uniq_natasha
D:4:      layout_loops_ring, grunt_dithmenos_smoke_and_mirrors, uniq_pargi
D:5:      layout_loops_cross, gammafunk_ghost_hive,
          eino_small_chamber_without_monster, uniq_crazy_yiuf_cottage
D:6:      layout_basic, kennysheep_generic_room_15
D:7:      layout_loops_corners, gammafunk_temple_overflow_statue,
          minmay_temple_entry_butterflies, serial_shops,
          nicolae_shop_tiny_real_fake_doors, shop, shop
D:8:      layout_basic, nicolae_overflow_hallway_of_the_gods
D:9:      layout_roguey, mainiacjoe_overflow_surrounded_room, serial_shops,
          shop, serial_ice, serial_ice_m, serial_ice_g, serial_ice_l,
          serial_ice_h
D:10:     layout_cave_pods, grunt_temple_overflow_order_and_chaos_2,
          gammafunk_ghost_berserking_beasts, serial_column_ruins,
          column_ruins_hut, column_ruins_corridor_straight,
          column_ruins_columns_corner, column_ruins_grid_3,
          column_ruins_open_medium, column_ruins_columns_straight,
          eino_tiny_chamber, hangedman_feature_mirror, uniq_maurice
D:11:     layout_grid_maze
Temple:   hellmonk_temple_forest_ring

Notes
Turn   | Place    | Note
-------+----------+-------------------------------------------
     0 | D:1      | ytrimaz the Coglin Gladiator began the quest for the Orb.
     0 | D:1      | Reached XP level 1. HP: 16/16 MP: 1/1
     0 | D:1      | magus.rc [v1.9.6]
   369 | D:1      | Reached XP level 2. HP: 19/23 MP: 2/2
  1077 | D:2      | Reached XP level 3. HP: 26/28 MP: 3/3
  1294 | D:2      | Reached skill level 3 in Fighting
  1369 | D:2      | Found a faded altar of an unknown god.
  1423 | D:2      | Noticed an ogre
  1432 | D:2      | Killed an ogre
  1433 | D:2      | Reached skill level 4 in Axes
  1433 | D:2      | Reached XP level 4. HP: 37/37 MP: 4/4
  1433 | D:2      | Reached XP level 5. HP: 42/42 MP: 5/5
  1685 | D:2      | Found a glowing silver altar of Zin.
  1955 | D:3      | Reached skill level 4 in Fighting
  2163 | D:3      | Found Tekucegi's Antique Armour Shop.
  2310 | D:3      | Identified a scroll of acquirement
  2310 | D:3      | Acquired 1095 gold pieces
  2353 | D:3      | Found Inteteck's Armour Shoppe.
  2500 | D:3      | Reached skill level 5 in Axes
  2500 | D:3      | Reached XP level 6. HP: 27/49 MP: 6/6
  2677 | D:3      | Found Vepublin's Magic Scroll Shoppe.
  2733 | D:3      | Noticed Natasha
  2745 | D:3      | Killed Natasha
  3076 | D:3      | Bought a glowing plate armour for 546 gold pieces
  3145 | D:3      | Bought the +0 cloak of the Four of Wands {Will+ SInv} for
                  | 213 gold pieces
  3154 | D:3      | Noticed Natasha
  3241 | D:3      | Killed Natasha
  3457 | D:4      | Found a shadowy altar of Dithmenos.
  3581 | D:4      | Noticed a black bear
  3587 | D:4      | Killed a black bear
  3588 | D:4      | Reached skill level 5 in Fighting
  3684 | D:4      | You pick up a book of Flames and begin reading...
  3684 | D:4      | You add the spells Inner Flame, Sticky Flame and Flame Wave
                  | to your library.
  3730 | D:4      | Noticed Pargi
  3740 | D:4      | Killed Pargi
  3741 | D:4      | Reached skill level 6 in Axes
  3741 | D:4      | Reached XP level 7. HP: 46/56 MP: 7/7
  4105 | D:5      | Entered Level 5 of the Dungeon
  4129 | D:5      | Noticed Biggs's ghost (novice DjCj)
  4150 | D:5      | Found a transporter.
  4191 | D:5      | Reached skill level 6 in Fighting
  4346 | D:5      | Noticed a wraith
  4359 | D:5      | Killed a wraith
  4360 | D:5      | Reached XP level 8. HP: 38/65 MP: 8/8
  4462 | D:5      | Reached skill level 7 in Axes
  4749 | D:5      | Reached skill level 7 in Fighting
  5053 | D:5      | Noticed a hornet
  5136 | D:5      | Found a runed translucent door.
  5137 | D:5      | Noticed Crazy Yiuf
  5267 | D:6      | Reached skill level 8 in Axes
  5410 | D:6      | You pick up a book of Spontaneous Combustion and begin
                  | reading...
  5410 | D:6      | You add the spells Irradiate and Ignition to your library.
  5573 | D:6      | Reached skill level 8 in Fighting
  5749 | D:6      | Reached XP level 9. HP: 75/75 MP: 9/9
  5913 | D:6      | Reached skill level 9 in Fighting
  6471 | D:7      | Reached skill level 1 in Armour
  6610 | D:7      | Found a staircase to the Ecumenical Temple.
  6619 | Temple   | Entered the Ecumenical Temple
  6628 | D:7      | Found an iron altar of Okawaru.
  6628 | D:7      | Found a radiant altar of Vehumet.
  6678 | D:7      | Reached skill level 2 in Armour
  6722 | D:7      | Became a worshipper of Warmaster Okawaru
  6837 | D:7      | Found Zeumm's Antique Weapon Emporium.
  7105 | D:7      | Found Zaxogiz's Antique Weapon Emporium.
  7190 | D:7      | Found Xaceh's Book Shop.
  7442 | D:8      | Found an ornate altar of the Wu Jian Council.
  7663 | D:8      | Reached skill level 3 in Armour
  7665 | D:8      | Reached skill level 10 in Fighting
  7907 | D:8      | Identified the +3 ring mail of the Unbroken {Regen+ Int+3}
  7976 | D:8      | Reached skill level 4 in Armour
  7977 | D:8      | Found a sacrificial altar of Ru.
  8024 | D:8      | Found a basalt altar of Yredelemnul.
  8027 | D:8      | Found a white marble altar of Elyvilon.
  8027 | D:8      | Found an ancient bone altar of Kikubaaqudgha.
  8030 | D:8      | Found a snail-covered altar of Cheibriados.
  8040 | D:8      | Reached * piety under Okawaru
  8041 | D:8      | Found an opulent altar of Gozag.
  8366 | D:9      | Reached skill level 5 in Armour
  8429 | D:9      | Reached XP level 10. HP: 80/82 MP: 10/10
  8441 | D:9      | Reached skill level 6 in Armour
  8537 | D:9      | Found Xoaq's Antique Weapon Emporium.
  8769 | D:9      | Reached skill level 7 in Armour
  8782 | D:9      | Found a hide-covered altar of Uskayaw.
  8858 | D:9      | Reached ** piety under Okawaru
  9294 | D:10     | Entered Level 10 of the Dungeon
  9295 | D:10     | Noticed an unseen horror
  9465 | D:10     | Found a shadowy altar of Dithmenos.
  9474 | D:10     | Reached skill level 8 in Armour
  9567 | D:10     | Noticed a moth of wrath
  9583 | D:10     | Noticed Maurice
  9584 | D:10     | Found a transporter.
  9625 | D:10     | Reached skill level 9 in Armour
  9643 | D:10     | Killed an unseen horror
  9643 | D:10     | Reached *** piety under Okawaru
  9649 | D:10     | Maurice stole 2 throwing nets
  9651 | D:10     | Maurice stole 392 gold
  9653 | D:10     | Maurice stole a +0 dagger {Wilfried}
  9656 | D:10     | Killed Maurice
  9665 | D:10     | Reached skill level 10 in Armour
  9682 | D:10     | Noticed a manticore
  9690 | D:10     | Noticed jamsaran's ghost (novice DgAl)
  9870 | D:10     | Found a transporter.
  9928 | D:10     | Reached skill level 1 in Evocations
  9928 | D:10     | Reached XP level 11. HP: 90/90 MP: 11/11
  9932 | D:10     | Reached skill level 1 in Invocations
  9932 | D:10     | Reached skill level 2 in Evocations
  9944 | D:10     | Reached skill level 3 in Evocations
  9947 | D:10     | Reached skill level 2 in Invocations
  9960 | D:10     | Found a glowing golden altar of the Shining One.
 10094 | D:10     | Found a burning altar of Makhleb.
 10098 | D:10     | Found a glowing silver altar of Zin.
 10118 | D:10     | Found a staircase to the Lair.
 10553 | D:11     | Noticed a white ugly thing
 10558 | D:11     | HP: 20/90 [white ugly thing (6)]
 10558 | D:11     | Mangled by a white ugly thing

Vanquished Creatures
  Maurice (D:10)
  An unseen horror (D:10)
  A komodo dragon (D:10)
  2 wyverns (D:9)
  A wraith (D:5)
  12 yaks
  Pargi (D:4)
  4 black bears
  4 orc warriors
  4 ice beasts
  A wolf (D:9)
  3 ogres
  5 centaurs
  2 kobold brigands (D:9)
  4 bullfrogs
  A gnoll sergeant (D:6)
  2 scorpions
  3 wights (D:9)
  6 killer bees (D:10)
  6 howler monkeys
  2 bombardier beetles (D:5)
  6 orc priests
  2 jellies
  6 iguanas
  A sleepcap (D:7)
  Natasha (twice) (D:3)
  9 orc wizards
  6 gnolls
  6 adders
  2 shadow imps
  3 white imps
  An ufetubus (D:6)
  A dart slug (D:4)
  2 ribbon worms
  21 orcs
  5 ball pythons
  7 bats
  5 endoplasms
  5 giant cockroaches
  4 goblins
  9 hobgoblins
  3 quokkas
  4 frilled lizards
  8 kobolds
  9 rats
  2 butterflies (D:7)
195 creatures vanquished.

Vanquished Creatures (others)
  An orc wizard (D:3)
1 creature vanquished.

Grand Total: 196 creatures vanquished

Table legend:
 A = Non-vault XP
 B = Vault XP
 C = Vault XP percentage of total XP
 D = Non-vault monster count
 E = Vault monster count
 F = Vault count percentage of total count
                 A         B        C        D         E       F
            +---------+---------+-------+---------+---------+-------
      Total |    8587 |    1638 |  16.0 |     183 |      11 |   5.7
            +---------+---------+-------+---------+---------+-------
        D:1 |      22 |       0 |   0.0 |      15 |       0 |   0.0
        D:2 |     171 |       0 |   0.0 |      22 |       0 |   0.0
        D:3 |     184 |      35 |  16.0 |      22 |       1 |   4.3
        D:4 |     214 |     134 |  38.5 |      11 |       1 |   8.3
        D:5 |    1024 |       0 |   0.0 |      15 |       0 |   0.0
        D:6 |    1003 |       8 |   0.8 |      18 |       1 |   5.3
        D:7 |     608 |       0 |   0.0 |      11 |       0 |   0.0
        D:8 |     914 |       0 |   0.0 |      15 |       0 |   0.0
        D:9 |    1301 |     589 |  31.2 |      31 |       5 |  13.9
       D:10 |    3146 |     872 |  21.7 |      23 |       3 |  11.5
            +---------+---------+-------+---------+---------+-------

Skill      XL: |  1  2  3  4  5  6  7  8  9 10 11 |
---------------+----------------------------------+-----
Fighting       | 3 4 5 6 8 10 | 10.0
Axes           | 4 5 6 8 |  8.0
Armour         | 5 10 | 10.0
Evocations     | 1 3 |  3.3
Invocations    | 2 |  2.0
Throwing       | |  1.7
Dodging        | |  2.6

Action                     |  1- 3 |  4- 6 |  7- 9 | 10-12 || total
---------------------------+-------+-------+-------+-------++-------
  Melee: War axe           |    61 |   114 |   180 |   175 ||   530
         Dagger            |    54 |    98 |     5 |       ||   157
         Flail             |       |       |   176 |   159 ||   335
  Throw: Throwing net      |     3 |       |     1 |       ||     4
 Invoke: Heroism           |       |       |       |     2 ||     2
    Use: Scroll            |     2 |    10 |     2 |     7 ||    21
         Potion            |       |     1 |     3 |     1 ||     5
   Stab: Held in net/web   |     2 |       |       |       ||     2
         Sleeping          |     1 |       |       |       ||     1
 Armour: Leather armour    |    55 |    54 |       |       ||   109
         Plate armour      |       |    54 |   243 |       ||   297
         Ring mail         |       |       |    20 |   164 ||   184
  Dodge: Dodged            |    59 |    51 |    66 |   110 ||   286

Illustrated notes

Table legend:
 A = Kills in this place as a percentage of kills in the entire game.
 B = Kills by you in this place as a percentage of kills by you in the entire game.
 C = Kills by friends in this place as a percentage of kills by friends in the entire game.
 D = Other kills in this place as a percentage of other kills in the entire game.
 E = Experience gained in this place as a percentage of experience gained in the entire game.
 F = Experience gained in this place divided by the number of levels of this place that you have seen.
                   A       B       C       D       E      F
               +-------+-------+-------+-------+-------+----------------------
         Total | 100.0 | 100.0 |   N/A | 100.0 | 100.0 | 852.1
       Dungeon | 100.0 | 100.0 |   N/A | 100.0 | 100.0 | 929.5
               +-------+-------+-------+-------+-------+----------------------

Table legend: (Time is in decaauts)
 A = Elapsed time spent in this place.
 B = Non-inter-level travel time spent in this place.
 C = Inter-level travel time spent in this place.
 D = Time resting spent in this place.
 E = Time spent auto-exploring this place.
 F = Levels seen in this place.
 G = Mean time per level.
                   A        B        C        D        E       F      G
               +--------+--------+--------+--------+--------+-----+--------+
         Total |  10629 |  10114 |    515 |    195 |   8281 |  12 |  885.8 |
       Dungeon |  10627 |  10112 |    515 |    195 |   8281 |  11 |  966.1 |
        Temple |      1 |      1 |      0 |      0 |      0 |   1 |    1.0 |
               +--------+--------+--------+--------+--------+-----+--------+

Top non-repeatable levels by time:
     D:3: 1349 daAuts
     D:6: 1169 daAuts
    D:10: 1097 daAuts
     D:7: 1095 daAuts
     D:5: 1075 daAuts
     D:1: 1015 daAuts
     D:9: 1012 daAuts
     D:8: 933 daAuts
     D:2: 903 daAuts
     D:4: 863 daAuts
    D:11: 113 daAuts
  Temple: 1 daAuts
